 Dungeon Crawl Stone Soup version 0.29-a0-582-ge82337ba6a (webtiles) character file.

Game seed: 7107863590562183174

680 frogsbabysitter the Quickloader (level 7, 62/62 HPs)
             Began as a Minotaur Hunter on June 14, 2022.
             Was a Follower of Dithmenos.
             Quit the game on level 5 of the Dungeon.
             The game lasted 00:22:08 (4341 turns).

frogsbabysitter the Quickloader (Minotaur Hunter)   Turns: 4341, Time: 00:22:09

Health: 62/62      AC: 15    Str: 17    XL:     7   Next: 34%
Magic:  6/6        EV:  7    Int: 12    God:    Dithmenos [*.....]
Gold:   190        SH:  0    Dex: 14    Spells: 6/6 levels left

rFire   . . .      SeeInvis .   a - +1 hand crossbow
rCold   . . .      Faith    .   (no shield)
rNeg    . . .      Spirit   .   v - +7 chain mail of the Pure Persimmons {Drain Fly Regen+ Int+6}
rPois   .          Reflect  .   (helmet restricted)
rElec   .          Harm     .   (no cloak)
rCorr   .          Rampage  .   (no gloves)
Will    .....                   (no boots)
Stlth   ..........              (no amulet)
HPRegen 1.00/turn               (no ring)
MPRegen 0.10/turn               (no ring)

@: flying, wreathed by umbra
A: horns 2, retaliatory headbutt
a: Renounce Religion


You were on level 5 of the Dungeon.
You worshipped Dithmenos.
Dithmenos was aware of your devotion.
You visited 2 branches of the dungeon, and saw 6 of its levels.

You collected 190 gold pieces.

Inventory:

Hand Weapons
 a - a +1 hand crossbow (weapon)
 f - a +5 mace
Missiles
 u - 8 poisoned darts
Armour
 b - a +0 leather armour
 e - a +2 kite shield
 v - the +7 chain mail of the Pure Persimmons (worn) {Drain Fly Regen+ Int+6}
   (You found it on level 3 of the Dungeon)

   Int:       It affects your intelligence (+6).
   Fly:       It grants you flight.
   Regen:     It increases your rate of health regeneration.
   Drain:     It drains your maximum health when unequipped.
Wands
 s - a wand of iceblast (10)
Scrolls
 c - 2 scrolls of immolation
 g - a scroll of fog {unknown}
 h - a scroll of fear {unknown}
 i - a scroll of acquirement {unknown}
 j - a scroll of amnesia {unknown}
 m - 2 scrolls of teleportation {unknown}
 r - 2 scrolls of magic mapping {unknown}
 t - 3 scrolls of identify {unknown}
 x - 2 scrolls of vulnerability {unknown}
Potions
 d - 2 potions of mutation {unknown}
 k - a potion of attraction {unknown}
 l - 2 potions of haste {unknown}
 n - a potion of ambrosia {unknown}
 o - a potion of cancellation {unknown}
 p - a potion of degeneration {unknown}
 q - 2 potions of heal wounds {unknown}
 w - a potion of brilliance {unknown}


   Skills:
 + Level 5.8 Fighting
 * Level 8.2 Crossbows
 - Level 3.0 Dodging
 - Level 1.1 Stealth


You had 6 spell levels left.
You didn't know any spells.
Your spell library contained the following spells:

 Spells                   Type           Power      Damage    Failure   Level
 Gell's Gravitas          Tloc           0%         N/A       100%        3
 Teleport Other           Tloc           0%         N/A       100%        3
 Dispersal                Tloc           0%         N/A       100%        6


Dungeon Overview and Level Annotations

Branches:
Dungeon (5/15)             Temple (1/1) D:4

Altars:
Ashenzari
Cheibriados
Dithmenos
Fedhas
Gozag
Hepliaklqana
Kikubaaqudgha
Makhleb
Nemelex Xobeh
Okawaru
Qazlal
Ru
Sif Muna
Trog
Uskayaw
Vehumet
Wu Jian
Yredelemnul
Zin
The Shining One

Shops:
D:2 *   D:4 :

Annotations:
D:4 Grinder
D:5 2 transporters, DocClef's ghost, weakling DrDe


Innate Abilities, Weirdness & Mutations

You have a pair of horns on your head.
You reflexively headbutt those who attack you in melee.


Message History

You shoot a bolt. The bolt closely misses the ice beast.
Shoot: a) +1 hand crossbow
Press: ? - help, Q - select action, (/) - cycle Shift-Dir - straight line, f/p - ice beast
Aim: an ice beast (67% to hit)
You shoot a bolt. The bolt closely misses the ice beast.
Shoot: a) +1 hand crossbow
Press: ? - help, Q - select action, (/) - cycle Shift-Dir - straight line, f/p - ice beast
Aim: an ice beast (umbra, 67% to hit)
You shoot a bolt.
The bolt hits the ice beast but does no damage.
The ice beast hits you but does no damage.
Shoot: a) +1 hand crossbow
Press: ? - help, Q - select action, (/) - cycle Shift-Dir - straight line, f/p - ice beast
Aim: an ice beast (umbra, 67% to hit)
You shoot a bolt. The bolt hits the ice beast.
The ice beast is lightly wounded.
The ice beast hits you but does no damage. x2
Shoot: a) +1 hand crossbow
Press: ? - help, Q - select action, (/) - cycle Shift-Dir - straight line, f/p - ice beast
Aim: an ice beast (lightly wounded, umbra, 67% to hit)
You shoot a bolt.
The bolt hits the ice beast but does no damage.
The ice beast is lightly wounded.
The ice beast closely misses you.
Shoot: a) +1 hand crossbow
Press: ? - help, Q - select action, (/) - cycle Shift-Dir - straight line, f/p - ice beast
Aim: an ice beast (lightly wounded, umbra, 67% to hit)
You shoot a bolt. The bolt barely misses the ice beast.
The ice beast hits you but does no damage. x2
Shoot: a) +1 hand crossbow
Press: ? - help, Q - select action, (/) - cycle Shift-Dir - straight line, f/p - ice beast
Aim: an ice beast (lightly wounded, umbra, 67% to hit)
You shoot a bolt. The bolt hits the ice beast.
The ice beast is moderately wounded.
The ice beast hits you but does no damage.
Shoot: a) +1 hand crossbow
Press: ? - help, Q - select action, (/) - cycle Shift-Dir - straight line, f/p - ice beast
Aim: an ice beast (moderately wounded, umbra, 67% to hit)
Okay, then.
Are you sure you want to abandon this character and quit the game? (Confirm with "yes".)

.####...#..##...####.###
#.##.# .# #.#...###...#
#.# #.##.# .#
#........<..# #.#
###.##.# .#
####.####..#####.#
#......# #..
.........###.###..###
######..###.....>.#
#..... ...#
#...###.###.####
##.#########.........
#.Y@..........######
###############


You could see an ice beast.

Vanquished Creatures
  2 phantoms (D:5)
  A scorpion (D:3)
  A vampire bat (D:3)
  An orc priest (D:5)
  2 iguanas (D:5)
  4 orc wizards
  Natasha (D:4)
  2 adders
  3 gnolls
  An ufetubus (D:5)
  2 worms
  6 dart slugs
  3 fire bats (D:3)
  21 orcs
  2 spectral bats (D:3)
  3 bat skeletons (D:3)
  A bat zombie (D:3)
  4 endoplasms
  4 giant cockroaches
  8 goblins
  A hobgoblin (D:1)
  6 jackals
  3 kobolds
  8 ball pythons
  16 bats
  A bat simulacrum (D:3)
  3 frilled lizards
  8 rats
118 creatures vanquished.

Vanquished Creatures (others)
  6 plants (D:5)
6 creatures vanquished.

Grand Total: 124 creatures vanquished

Notes
Turn   | Place    | Note
-------+----------+-------------------------------------------
     0 | D:1      | frogsbabysitter the Minotaur Hunter began the quest for the
                  | Orb.
     0 | D:1      | Reached XP level 1. HP: 18/18 MP: 0/0
   103 | D:1      | Reached skill level 1 in Stealth
   382 | D:1      | Reached XP level 2. HP: 25/25 MP: 1/1
   661 | D:1      | Reached XP level 3. HP: 30/30 MP: 2/2
   891 | D:2      | Reached skill level 5 in Crossbows
  1013 | D:2      | Found Notseer's Assorted Antiques.
  1580 | D:3      | Noticed an ogre
  1905 | D:3      | Identified the +7 chain mail of the Pure Persimmons {Drain
                  | Fly Regen+ Int+6}
  1972 | D:3      | Reached XP level 4. HP: 38/38 MP: 3/3
  2109 | D:3      | Noticed a scorpion
  2315 | D:3      | Reached XP level 5. HP: 46/46 MP: 4/4
  2342 | D:3      | Reached skill level 6 in Crossbows
  2577 | D:4      | Found a staircase to the Ecumenical Temple.
  2586 | Temple   | Entered the Ecumenical Temple
  2931 | Temple   | Became a worshipper of Dithmenos the Shadowed
  3083 | D:4      | Reached XP level 6. HP: 53/53 MP: 5/5
  3249 | D:4      | Found Noit's Self-Improvement Boutique.
  3304 | D:4      | Noticed Grinder
  3330 | D:3      | Reached skill level 7 in Crossbows
  3633 | D:5      | Entered Level 5 of the Dungeon
  3691 | D:5      | Reached skill level 5 in Fighting
  3705 | D:5      | Reached * piety under Dithmenos
  3804 | D:5      | Noticed an ice beast
  3874 | D:4      | Noticed Natasha
  3882 | D:4      | Killed Natasha
  3929 | D:5      | Found a transporter.
  3942 | D:5      | Noticed DocClef's ghost (weakling DrDe)
  4004 | D:5      | Found a transporter.
  4011 | D:5      | Identified the +5 trident of Kindness {venom, rF+ Will++
                  | Int+4}
  4051 | D:5      | Reached XP level 7. HP: 61/61 MP: 6/6
  4277 | D:5      | Reached skill level 8 in Crossbows
  4341 | D:5      | Quit the game

Illustrated notes

Levels and vault maps discovered:
D:1:      dpeg_arrival_tiny_a, layout_loops_cross, minmay_misc_feat_plants,
          glass_columns_a
D:2:      layout_loops_ring, serial_shops, nicolae_shop_crystal,
          kennysheep_another_room, palyth_stone_intersect
D:3:      layout_basic, goddamned_bats
D:4:      layout_gridville, minmay_temple_entry_junction_2,
          nicolae_shop_self_help, uniq_menkaure, uniq_natasha, uniq_grinder
D:5:      layout_loops_ring, gammafunk_ghost_gnarly_gnolls
Temple:   mainiacjoe_temple_trianglar_array

Skill      XL: |  1  2  3  4  5  6  7 |
---------------+----------------------+-----
Stealth        | 1 |  1.1
Fighting       | 3 4 5 |  5.8
Crossbows      | 5 6 7 8 |  8.2
Dodging        | 3 |  3.0

Action                   |  1- 3 |  4- 6 |  7- 9 || total
-------------------------+-------+-------+-------++-------
Melee: Hand crossbow     |       |     2 |       ||     2
       Falchion          |       |    23 |       ||    23
       Headbutt          |       |     7 |       ||     7
       Punch             |       |     1 |       ||     1
 Fire: Hand crossbow     |    96 |   218 |    39 ||   353
Throw: Throwing net      |       |     1 |       ||     1
Armor: Leather armour    |     8 |       |       ||     8
       Chain mail        |     4 |   231 |    35 ||   270
Dodge: Dodged            |    16 |    88 |    21 ||   125

Table legend: (Time is in decaauts)
 A = Elapsed time spent in this place.
 B = Non-inter-level travel time spent in this place.
 C = Inter-level travel time spent in this place.
 D = Time resting spent in this place.
 E = Time spent auto-exploring this place.
 F = Levels seen in this place.
 G = Mean time per level.
                   A        B        C        D        E       F      G
               +--------+--------+--------+--------+--------+-----+--------+
         Total |   4540 |   4345 |    195 |    243 |   2139 |   6 |  756.7 |
       Dungeon |   4132 |   3979 |    153 |    243 |   1803 |   5 |  826.4 |
        Temple |    407 |    365 |     42 |      0 |    336 |   1 |  407.0 |
               +--------+--------+--------+--------+--------+-----+--------+

Top non-repeatable levels by time:
     D:3: 1391 daAuts
     D:1: 857 daAuts
     D:2: 699 daAuts
     D:5: 658 daAuts
     D:4: 525 daAuts
  Temple: 407 daAuts
